Map: Ruins of Seras

Players

overmind

  • Race: Zerg Zerg
  • League: Master

Holly - Winner!

  • Race: Protoss Protoss
  • League: Diamond

VOD

Have the link to the VOD?

Description

Time

  • Played on: Dec. 10, 2015, 12:45 p.m.
  • Length: 9:46
Show
View Real Time Build Order
Export as new Build Order

overmind Zerg 

Build Orders: Hatch First 

Get SALT Encoding   

  12  0:01  Drone  
  13  0:12  Overlord  
  13  0:17  Drone  
  14  0:25  Drone, Extractor  
  15  0:32  Drone  
  15  0:35  Drone  
  17  0:56  Hatchery  
  16  0:59  Drone  
  17  1:05  Drone  
  18  1:17  Spawning Pool  
  17  1:19  Drone  
  17  1:22  Drone  
  19  1:29  Drone  
  20  1:40  Overlord  
  20  1:54  Hatchery, Drone  
  20  2:05  Queen  
  22  2:11  Zergling x2  
  23  2:18  Zergling x4  
  25  2:24  Overlord  
  25  2:31  Drone x2  
  27  2:42  Queen  
  27  2:43  Queen  
  31  2:47  Drone  
  31  2:50  Drone  
  33  2:56  Overlord  
  33  2:58  Drone x2  
  35  3:03  Drone  
  35  3:05  Drone  
  37  3:09  Queen  
  37  3:12  Drone  
  40  3:15  Drone  
  41  3:21  Drone x3  
  41  3:25  Drone x2  
  41  3:26  Drone  
  47  3:33  Overlord  
  47  3:40  Drone  
  47  3:41  Drone x2  
  50  3:44  Extractor x2  
  50  3:46  Extractor  
  47  3:50  Drone x2  
  47  3:51  Drone x3  
  47  3:55  Spore Crawler  
  51  3:56  Spore Crawler  
  51  3:58  Spore Crawler, Drone x2  
  51  4:07  Spore Crawler  
  51  4:09  Spore Crawler  
  48  4:14  Zergling x8  
  51  4:18  Zergling x10  
  51  4:21  Zergling x4  
  51  4:24  Drone x2  
  57  4:29  Drone x2  
  54  4:45  Overlord x2  
  53  5:11  Zergling x8  
  50  5:22  Drone x6  
  50  5:23  Drone x3  
  55  5:37  Lair  
  55  5:40  Drone  
  55  5:41  Drone x7  
  55  5:42  Drone x2  
  65  5:44  Extractor  
  65  5:46  Drone x2  
  66  5:53  Extractor  
  66  5:55  Extractor  
  64  6:00  Evolution Chamber x2, Drone x3  
  64  6:01  Drone x2  
  67  6:05  Drone x3  
  70  6:13  Roach Warren  
  65  6:20  Drone x2  
  65  6:21  Drone x3  
  69  6:29  Zerg Missile Weapons Level 1  
  69  6:30  Zerg Ground Armor Level 1  
  69  6:33  Drone x4  
  69  6:34  Drone x2  
  75  6:56  Drone x6, Spine Crawler  
  75  6:57  Spine Crawler  
  75  6:59  Hatchery  
  76  7:20  Spire  
  75  7:28  Roach x3  
  75  7:29  Overlord x5  
  81  7:39  Glial Reconstitution  
  81  7:40  Hydralisk Den  
  73  7:56  Drone x2  
  73  7:57  Drone x4  
  79  8:17  Overlord  
  79  8:25  Drone x3  
  79  8:26  Drone x3, Overlord  
  79  8:27  Queen  
  85  8:32  Mutalisk x10  
  85  8:33  Mutalisk x4  
  115  8:35  Mutalisk  
  115  8:36  Mutalisk  
  115  8:38  Zergling x2  
  120  8:42  Overlord, Ravager  
  118  8:49  Mutalisk x2  
  120  8:56  Overlord  
  120  8:57  Overlord  
  118  9:14  Mutalisk x5  
  112  9:21  Zergling x2  
  112  9:23  Zergling x4  
  99  9:38  Spine Crawler  
Show
View Real Time Build Order
Export as new Build Order

Holly Protoss - Winner!

Build Orders: Nexus First 

Get SALT Encoding   

  12  0:01  Probe (Chrono Boost)  
  13  0:11  Probe (Chrono Boost)  
  14  0:18  Pylon  
  14  0:24  Probe (Chrono Boost)  
  15  0:36  Probe (Chrono Boost)  
  16  0:59  Nexus  
  16  1:11  Gateway  
  16  1:14  Probe (Chrono Boost)  
  17  1:25  Probe (Chrono Boost)  
  18  1:26  Assimilator  
  18  1:31  Assimilator  
  18  1:36  Probe (Chrono Boost)  
  19  1:45  Gateway  
  19  1:47  Probe (Chrono Boost)  
  20  1:57  Probe (Chrono Boost)  
  21  2:01  Cybernetics Core  
  21  2:08  Probe (Chrono Boost)  
  22  2:12  Probe (Chrono Boost)  
  23  2:18  Probe (Chrono Boost)  
  24  2:24  Probe (Chrono Boost)  
  24  2:29  Probe (Chrono Boost)  
  26  2:34  Probe (Chrono Boost)  
  27  2:39  Adept x2 (Chrono Boost)  
  27  2:43  Mothership Core  
  32  2:45  Warp Gate  
  32  2:48  Probe  
  33  2:55  Pylon  
  33  3:01  Probe  
  33  3:04  Probe  
  35  3:10  Adept (Chrono Boost)  
  37  3:13  Probe, Adept (Chrono Boost)  
  37  3:16  Probe  
  41  3:21  Pylon  
  41  3:25  Probe (Chrono Boost)  
  42  3:28  Probe (Chrono Boost)  
  43  3:37  Probe (Chrono Boost)  
  44  3:45  Adept  
  44  3:46  Adept, Robotics Facility  
  44  3:47  Probe (Chrono Boost)  
  49  3:48  Probe (Chrono Boost)  
  50  3:57  Pylon  
  50  3:58  Probe (Chrono Boost)  
  50  3:59  Probe (Chrono Boost)  
  52  4:08  Probe (Chrono Boost)  
  54  4:10  Probe (Chrono Boost)  
  54  4:19  Probe (Chrono Boost)  
  54  4:22  Probe (Chrono Boost)  
  54  4:29  Probe (Chrono Boost)  
  55  4:33  Probe (Chrono Boost)  
  51  4:38  Observer (Chrono Boost)  
  51  4:39  Probe (Chrono Boost)  
  51  4:43  Pylon, Nexus, Robotics Bay, Probe  
  53  4:46  Pylon  
  53  4:51  Probe  
  54  4:58  Warp Prism (Chrono Boost)  
  56  5:01  Gateway, Adept x2  
  60  5:19  Probe  
  60  5:20  Probe  
  60  5:25  Gateway  
  59  5:29  Probe, Adept  
  60  5:37  Gravitic Drive  
  60  5:38  Probe  
  60  5:39  Pylon  
  60  5:44  Assimilator  
  60  5:51  Pylon  
  60  5:53  Assimilator  
  60  5:54  Disruptor (Chrono Boost), Pylon x2  
  63  6:00  Probe  
  63  6:01  Probe  
  63  6:02  Probe  
  66  6:06  Adept x2  
  70  6:11  Probe  
  70  6:12  Probe, Forge  
  70  6:14  Probe  
  70  6:15  Pylon  
  73  6:22  Probe x2  
  74  6:25  Assimilator  
  74  6:26  Probe, Disruptor (Chrono Boost)  
  74  6:28  Assimilator  
  74  6:29  Twilight Council  
  74  6:32  Probe  
  75  6:39  Gateway  
  76  6:41  Gateway  
  76  6:45  Protoss Ground Weapons Level 1 (Chrono Boost)  
  76  6:46  Gateway, Adept  
  78  6:48  Probe, Adept x3  
  78  6:49  Probe  
  86  6:56  Disruptor (Chrono Boost)  
  89  7:03  Probe, Blink  
  90  7:14  Stalker x2  
  90  7:15  Stalker x2  
  98  7:20  Probe x3  
  101  7:32  Probe  
  101  7:35  Disruptor  
  105  7:37  Stalker x2  
  105  7:38  Stalker x2  
  105  7:39  Adept x2  
  117  7:45  Pylon x2  
  117  7:57  Stargate  
  117  8:03  Probe x2  
  117  8:05  Pylon  
  119  8:10  Stalker x6  
  119  8:11  Adept  
  133  8:22  Stargate  
  133  8:24  Pylon  
  133  8:26  Pylon  
  133  8:27  Pylon  
  133  8:29  Observer  
  134  8:39  Stalker x3  
  140  8:45  Stalker x3  
  146  8:50  Phoenix (Chrono Boost)  
  146  8:54  Photon Cannon  
  148  8:56  Stalker  
  148  8:57  Photon Cannon  
  150  9:07  Stalker  
  150  9:10  Phoenix (Chrono Boost)  
  150  9:14  Phoenix (Chrono Boost)  
  147  9:21  Stalker x2  
  147  9:22  Stalker x2  
  143  9:39  Stalker x2, Nexus  
  143  9:40  Stalker  
Tags
 
Add a new tag
Caveats
  • Supply blocks, unpowered buildings, or Contaminate may cause inaccurate times.
  • Supply counts are checked every 10 seconds.